 Dungeon Crawl Stone Soup version 0.20.1-1-g8b1a95d (webtiles) character file.

1375 homeworkjunkie the Cleaver (level 8, -6/70 HPs)
             Began as a Hill Orc Fighter on Nov 13, 2017.
             Was a Priest of Okawaru.
             Mangled by an orc warrior
             ... wielding a +0 war axe
              (14 damage)
             ... in a bailey.
             The game lasted 00:10:43 (5656 turns).

homeworkjunkie the Cleaver (Hill Orc Fighter)       Turns: 5656, Time: 00:10:44

Health: -6/70      AC: 14    Str: 21    XL:     8   Next: 66%
Magic:  10/10      EV:  4    Int:  8    God:    Okawaru [***...]
Gold:   903        SH: 10    Dex: 10    Spells: 7/7 levels left

rFire    . . .     SeeInvis .   d - +1 hand axe (freeze)
rCold    . . .     Gourm    .   c - +0 shield
rNeg     . . .     Faith    +   r - +0 plate armour
rPois    .         Spirit   .   u - +1 helmet
rElec    .         Reflect  .   (no cloak)
rCorr    .         Harm     .   (no gloves)
MR       .....                  (no boots)
Stlth    ..........             t - amulet of faith
Regen    0.3/turn               (no ring)
MPRegen  0.2/turn               (no ring)

@: no status effects
A: no striking features
a: Heroism, Renounce Religion


You were in a bailey.
You worshipped Okawaru.
Okawaru was most pleased with you.
You were hungry.

You visited 2 branches of the dungeon, and saw 8 of its levels.
You also visited: Bailey.

You collected 903 gold pieces.

Inventory:

Hand Weapons
 a - a +1 war axe
 d - a +1 hand axe of freezing (weapon)
Missiles
 k - 22 tomahawks of returning
 n - 2 javelins (quivered)
 s - 6 tomahawks
Armour
 c - a +0 shield (worn)
 r - a +0 plate armour (worn)
 u - a +1 helmet (worn)
Jewellery
 t - an amulet of faith (around neck)
Wands
 i - a wand of flame (48/48)
Scrolls
 b - 4 scrolls of teleportation
 v - a scroll of remove curse
Potions
 e - 2 potions of curing
 g - a potion of resistance {unknown}
 h - 2 potions of heal wounds
 l - a potion of berserk rage {unknown}
 m - a potion of brilliance
 o - 2 potions of mutation
 p - a potion of cancellation {unknown}
 q - a potion of haste
Comestibles
 f - 4 bread rations
 j - 2 meat rations


   Skills:
 * Level 5.9 Fighting
 * Level 8.5 Axes
 * Level 5.5 Armour
 + Level 0.5 Dodging
 * Level 6.2 Shields
 * Level 3.0 Evocations


You had 7 spell levels left.
You didn't know any spells.

Dungeon Overview and Level Annotations

Branches:
Dungeon (7/15)             Temple (1/1) D:4

Altars:
Fedhas
Gozag
Okawaru
Ru
Sif Muna
Zin


Message History

Okawaru accepts your kill.
You hit the orc warrior but do no damage.
You closely miss the orc warrior.
The orc warrior hits you with a war axe!
* * * LOW HITPOINT WARNING * * *
The orc warrior hits you with a war axe.
* * * LOW HITPOINT WARNING * * *
You block the orc warrior's attack.
Things that are here:
an enchanted hand axe; a leather armour You hit the orc warrior.
You freeze the orc warrior.
The orc warrior is moderately wounded.
You closely miss the orc warrior. You block the orc warrior's attack.
The orc warrior hits you with a war axe!
* * * LOW HITPOINT WARNING * * *
You hit the orc warrior but do no damage.
The orc warrior is moderately wounded.
You hit the orc warrior but do no damage.
The orc warrior hits you with a war axe!
You die...

#...8...# #∩.....∩#
#.....# ####'''####
##≈.......≈##
###≈≈.......≈≈####
.'≈≈.......≈≈'.'^
###≈≈.......≈≈###.#
'.'≈≈....o@.≈≈'.'.#
#.###≈≈....o..≈≈###.#
.'.(≈≈..†....≈≈(.'.
#.###≈≈.......≈≈###.#
#.'.'≈≈.......≈≈'.'.
#.###≈≈.......≈≈###.
+≈≈.......≈≈'.'.
#≈≈.......≈≈####
##≈.......≈##


You could see 2 orc warriors.

Vanquished Creatures
  Eustachio (D:4)
  An ice beast (D:5)
  An orc warrior (D:7)
  A centaur (D:5)
  2 big kobolds
  The ghost of homeworkjunkie the Skirmisher, a weakling HOFi (D:3)
  2 orc priests (D:5)
  3 hounds (D:5)
  2 jellies (D:5)
  A gnoll shaman (D:5)
  5 orc wizards
  2 iguanas (D:7)
  3 worker ants (D:4)
  6 adders
  8 gnolls
  3 shadow imps
  An adder zombie (D:7)
  3 worms
  17 orcs
  2 ball pythons (D:2)
  4 giant cockroaches
  12 goblins
  4 hobgoblins
  8 jackals
  22 kobolds
  3 quokkas
  9 bats
  4 frilled lizards
  2 rats
133 creatures vanquished.

Notes
Turn   | Place    | Note
-------+----------+-------------------------------------------
     0 | D:1      | homeworkjunkie the Hill Orc Fighter began the quest for the Orb.
     0 | D:1      | Reached XP level 1. HP: 19/19 MP: 1/1
    93 | D:1      | Reached skill level 3 in Axes
    93 | D:1      | Reached XP level 2. HP: 24/27 MP: 2/2
   438 | D:2      | Reached XP level 3. HP: 16/33 MP: 3/3
   941 | D:2      | Reached XP level 4. HP: 29/41 MP: 4/4
  1020 | D:3      | Found a sacrificial altar of Ru.
  1046 | D:3      | Found a blossoming altar of Fedhas.
  1106 | D:3      | Found an iron altar of Okawaru.
  1154 | D:3      | Became a worshipper of Warmaster Okawaru
  1578 | D:3      | Reached skill level 4 in Axes
  1586 | D:3      | Noticed homeworkjunkie's ghost (weakling HOFi)
  1599 | D:3      | Killed homeworkjunkie's ghost
  1599 | D:3      | Reached XP level 5. HP: 20/47 MP: 5/5
  2173 | D:2      | Reached skill level 1 in Evocations
  2864 | D:5      | Entered Level 5 of the Dungeon
  2864 | D:5      | Noticed a big kobold
  2875 | D:5      | Reached skill level 5 in Axes
  2875 | D:5      | Reached XP level 6. HP: 51/55 MP: 6/6
  2876 | D:5      | Reached skill level 5 in Fighting
  2903 | D:4      | Found a staircase to the Ecumenical Temple.
  2914 | Temple   | Entered the Ecumenical Temple
  2930 | D:4      | Reached * piety under Okawaru
  3362 | D:4      | Noticed Eustachio
  3384 | D:4      | Killed Eustachio
  3384 | D:4      | Reached skill level 6 in Axes
  3384 | D:4      | Reached XP level 7. HP: 14/61 MP: 8/8
  4034 | D:5      | Reached ** piety under Okawaru
  4034 | D:5      | Reached skill level 5 in Shields
  4542 | D:5      | Reached skill level 5 in Armour
  4548 | D:5      | Reached skill level 7 in Axes
  4603 | D:5      | Reached XP level 8. HP: 63/69 MP: 9/9
  4641 | D:5      | Reached *** piety under Okawaru
  5111 | D:7      | Reached skill level 8 in Axes
  5370 | D:7      | Found a flagged portal.
  5376 | Bailey   | Entered a bailey
  5656 | Bailey   | Mangled by an orc warrior

Skill      XL: |  1  2  3  4  5  6  7  8 |
---------------+-------------------------+-----
Axes           | 3 4 5 6 7 8 |  8.5
Fighting       | 4 5 |  5.9
Armour         | 4 5 |  5.5
Evocations     | 1 2 3 |  3.0
Shields        | 4 5 6 |  6.2
Dodging        | |  0.5

Action                   |  1- 3 |  4- 6 |  7- 9 || total
-------------------------+-------+-------+-------++-------
Melee: War axe           |    92 |    36 |       ||   128
       Hand axe          |       |   143 |   277 ||   420
Throw: Tomahawk          |       |       |    25 ||    25
       Javelin           |       |       |     7 ||     7
  Use: Scroll            |       |    12 |     5 ||    17
       Potion            |       |     3 |     1 ||     4
  Eat: Meat ration       |       |     1 |     1 ||     2
       Fruit             |       |     4 |       ||     4
       Royal jelly       |       |       |     1 ||     1
Armor: Scale mail        |    50 |    30 |       ||    80
       Chain mail        |       |   106 |    67 ||   173
       Plate armour      |       |       |    59 ||    59
Dodge: Dodged            |    37 |   101 |    39 ||   177
Block: Shield            |    51 |   139 |   111 ||   301
